 Dungeon Crawl Stone Soup version 0.28-a0-80-g9707f7362f (webtiles) character file.

Game seed: 9607232898060167639

15047 Pinpinou33 the Unseen (level 11, -3/81 HPs)
             Began as a Vampire Enchanter on Aug 5, 2021.
             Was a Priest of Dithmenos.
             Slain by a hog (14 damage)
             ... led by Kirke
             ... on level 12 of the Dungeon.
             The game lasted 01:09:02 (16687 turns).

Pinpinou33 the Unseen (Vampire Enchanter)          Turns: 16687, Time: 01:09:02

Health: -3/81      AC:  0    Str: 11    XL:     11   Next: 96%
Magic:  25/25      EV: 15    Int: 19    God:    Dithmenos [***...]
Gold:   848        SH:  0    Dex: 17    Spells: 21/30 levels left

rFire   . . .      SeeInvis +   (weapon currently unavailable)
rCold   . . .      Faith    .   (shield currently unavailable)
rNeg    . . .      Spirit   .   (armour currently unavailable)
rPois   .          Reflect  .   (helmet currently unavailable)
rElec   .          Harm     .   (cloak currently unavailable)
rCorr   .          Rampage  .   (gloves currently unavailable)
Will    +....                   (boots currently unavailable)
Stlth   ++++++++..              t - amulet of magic regeneration
HPRegen 0.43/turn               (ring currently unavailable)
MPRegen 0.44/turn               (ring currently unavailable)

@: pig-form, healing quickly, slowed, wreathed by umbra
A: fast, no casting, alive, small, (fangs 3), see invisible, vampiric 2, strong
2
a: Exsanguinate, Renounce Religion, Shadow Step


You were on level 12 of the Dungeon.
You worshipped Dithmenos.
Dithmenos was most pleased with you.
You were a filthy swine.
You visited 2 branches of the dungeon, and saw 13 of its levels.
You also visited: Gauntlet.

You collected 848 gold pieces.

Inventory:

Hand Weapons
 b - a +4 dagger (melded)
Missiles
 g - 3 throwing nets (quivered)
 i - 52 poisoned darts
 p - a curare-tipped dart
Armour
 c - a +0 pair of boots (melded)
 n - +0 swamp dragon scales (melded)
 o - a +0 buckler
 s - a +1 robe of cold resistance
 x - +0 steam dragon scales
Magical Staves
 B - a staff of fire
Jewellery
 d - a ring of protection from cold (melded)
 l - an amulet of faith
 t - an amulet of magic regeneration (around neck)
 y - a +6 ring of intelligence
Wands
 h - a wand of digging (11)
 k - a wand of flame (87)
 m - a wand of mindburst (13)
 q - a wand of charming (33)
 u - a wand of iceblast (6)
Scrolls
 a - 2 scrolls of torment {unknown}
 e - 3 scrolls of teleportation
 f - 10 scrolls of identify
 j - 2 scrolls of enchant weapon
 r - a scroll of immolation {unknown}
 v - 2 scrolls of fog
Potions
 w - a potion of degeneration {unknown}
 z - 2 potions of curing
 A - a potion of heal wounds


   Skills:
 + Level 5.7 Fighting
 + Level 6.7 Short Blades
 - Level 1.5 Axes
 - Level 1.3 Bows
 - Level 1.3 Crossbows
 + Level 3.2 Dodging
 + Level 15.2 Stealth
 - Level 10.0 Spellcasting
 - Level 3.0 Conjurations
 + Level 9.3 Hexes
 - Level 5.0 Ice Magic


You had 21 spell levels left.
You knew the following spells:

 Your Spells              Type           Power      Damage    Failure   Level
a - Confusing Touch       Hex            44%        N/A       1%          3
b - Corona                Hex            48%        N/A       1%          1
e - Dazzling Flash        Conj/Hex       64%        N/A       1%          3
z - Ensorcelled Hibernat  Hex/Ice        72%        N/A       1%          2

Your spell library contained the following spells:

 Spells                   Type           Power      Damage    Failure   Level
 Tukima's Dance           Hex            44%        N/A       1%          3
 Gell's Gravitas          Tloc           4%         N/A       22%         3
 Teleport Other           Tloc           9%         N/A       22%         3
 Petrify                  Tmut/Erth      9%         N/A       58%         4
 Irradiate                Conj/Tmut      7%         3d15      73%         5
 Dispersal                Tloc           4%         N/A       100%        6
 Sublimation of Blood     Necr           Unusable   N/A       N/A         2

Dungeon Overview and Level Annotations

Branches:
Dungeon (12/15)            Temple (1/1) D:6            Lair (0/6) D:8
    Orc (0/2) D:11        Gauntlet (visited)

Altars:
Ashenzari
Cheibriados
Dithmenos
Elyvilon
Fedhas
Gozag
Hepliaklqana
Kikubaaqudgha
Makhleb
Nemelex Xobeh
Okawaru
Qazlal
Ru
Sif Muna
Trog
Uskayaw
Vehumet
Wu Jian
Xom
Yredelemnul
Zin
The Shining One

Shops:
D:3 =   D:9 =   D:11 [

Portals:
Abyss: D:7

Annotations:
D:7 2 transporters, PeterMcNeter's ghost, novice GnFi
D:12 Kirke


Innate Abilities, Weirdness & Mutations

You are a filthy swine.
You move quickly.
Your equipment is almost entirely melded.
You are incapable of wielding weapons or throwing items.
You cannot cast spells.
Your natural rate of healing is accelerated.
((You have razor-sharp teeth.))
You have supernaturally acute eyesight. (SInv)
You are afflicted with vampirism and can become a bat while bloodless.
Your muscles are very strong. (Str +4)


Message History

Kirke gestures at you while chanting.
You turn into a filthy swine.
Your +4 dagger melds into your body.
Your +0 pair of boots melds into your body.
Your +0 swamp dragon scales melds into your body.
Your ring of protection from cold melds into your body.
Kirke hits you.
Kirke points at you and mumbles some strange words.
You feel a momentary urge to oink.
The hog is no longer blind.
Kirke holds her sides and says, "You'll eat dirt beneath my feet."
Kirke hits you.
You hit Kirke.
Kirke is lightly wounded.
The hog bites you!
Kirke is no longer blind.
Your magical contamination has completely faded away.
The hog bites you!
You see here an emerald potion.
Kirke casts a spell.
Kirke flickers and vanishes for a moment.
The hog bites you.
* * * LOW HITPOINT WARNING * * *
The hog closely misses you. The hog barely misses you.
The hog closely misses you. The hog barely misses you. The hog bites you!
* * * LOW HITPOINT WARNING * * *
The hog misses you. The hog closely misses you. The hog bites you!
* * * LOW HITPOINT WARNING * * *
Things that are here:
a +0 whip; a kobold skeleton The hog closely misses you.
The hog bites you.
* * * LOW HITPOINT WARNING * * *
Kirke mumbles some strange words.
Kirke flickers and vanishes for a moment.
The hog barely misses you. The hog bites you!
You die...

#...#
#.......#.##.............#
....#
##.@....#................#
#####
#...>.....#.............#
#.....)...'.............#
#.........#.............#
#####.........####....##.##.#
#............h# #.#...#.# .#
#......###..hh####.#...#.# #
#......# #...h.....#.....
#......# ###'#######...###
#......# #.......# ###
#......#####.###...#
#............# #.#.#
#.....######## #.#.# #.....#
#.### #.....# #.####.#
####### #...^..#


You could see Kirke (invisible) and 3 hogs.

Vanquished Creatures
  Harold (D:7)
  A centaur warrior (D:12)
  2 two-headed ogres
  A tengu warrior (D:10)
  A deep elf pyromancer (D:11)
  A cyclops (D:11)
  2 gargoyles
  3 kobold demonologists (D:12)
  Joseph (D:7)
  Maggie (D:8)
  A komodo dragon (D:10)
  A tengu conjurer (D:10)
  4 trolls
  Prince Ribbit (D:7)
  2 shadows
  2 vampires (D:10)
  12 yaks
  A hog (D:12)
  2 vampire mosquitoes (D:11)
  2 steam dragons
  3 water moccasins
  Duvessa (D:7)
  An ice beast (D:7)
  5 orc warriors
  2 ogres
  3 centaurs
  A phantom (D:4)
  3 kobold brigands
  3 bullfrogs
  A scorpion (D:5)
  2 gnoll sergeants
  Dowan (D:7)
  18 wights
  3 killer bees (D:9)
  A water moccasin skeleton (D:5)
  A howler monkey (D:10)
  9 centaur zombies
  A jelly (D:6)
  6 orc priests
  A gnoll shaman (D:6)
  4 hounds
  A centaur skeleton (D:7)
  2 iguanas
  7 orc wizards
  Terence (D:2)
  A howler monkey zombie (D:8)
  12 gnolls
  5 adders
  An ufetubus (D:5)
  4 worms
  2 dart slugs (D:1)
  29 orcs
  9 endoplasms
  4 giant cockroaches
  6 hobgoblins
  13 jackals
  14 kobolds
  2 quokkas
  5 ball pythons
  10 bats
  6 frilled lizards
  3 goblins
  4 rats
253 creatures vanquished.

Vanquished Creatures (others)
  A kobold (D:8)
  5 fungi (Gauntlet)
  9 plants (Gauntlet)
  3 withered plants (Gauntlet)
18 creatures vanquished.

Grand Total: 271 creatures vanquished

Notes
Turn   | Place    | Note
-------+----------+-------------------------------------------
     0 | D:1      | Pinpinou33 the Vampire Enchanter began the quest for the
                  | Orb.
     0 | D:1      | Reached XP level 1. HP: 13/13 MP: 3/3
   347 | D:1      | Reached XP level 2. HP: 19/19 MP: 5/5
   350 | D:1      | Learned a level 2 spell: Ensorcelled Hibernation
  1246 | D:2      | Reached skill level 5 in Stealth
  1295 | D:2      | Gained mutation: You are afflicted with vampirism and can
                  | become a bat while bloodless. [Vampire growth]
  1295 | D:2      | Reached XP level 3. HP: 24/24 MP: 6/6
  1296 | D:2      | Found a faded altar of an unknown god.
  1304 | D:2      | Learned a level 3 spell: Confusing Touch
  1328 | D:2      | Noticed Terence
  1498 | D:2      | Killed Terence
  1717 | D:2      | Reached skill level 6 in Stealth
  1782 | D:2      | Reached XP level 4. HP: 30/30 MP: 4/7
  2017 | D:3      | Reached skill level 5 in Hexes
  2079 | D:3      | Found a burning altar of Makhleb.
  2079 | D:3      | Noticed a blizzard demon
  2498 | D:3      | Found Megreany's Jewellery Shoppe.
  2584 | D:3      | Reached skill level 7 in Stealth
  2584 | D:3      | Reached skill level 1 in Ice Magic
  2584 | D:3      | Reached XP level 5. HP: 35/35 MP: 8/8
  3193 | D:3      | Reached XP level 6. HP: 39/41 MP: 7/10
  3750 | D:4      | Learned a level 3 spell: Dazzling Flash
  4075 | D:5      | Entered Level 5 of the Dungeon
  4091 | D:5      | Noticed a shadow
  4105 | D:5      | Killed a shadow
  4106 | D:5      | Reached XP level 7. HP: 40/46 MP: 9/12
  4360 | D:5      | Reached skill level 5 in Ice Magic
  4644 | D:5      | HP: 1/36 [water moccasin skeleton (6)]
  4995 | D:5      | Reached XP level 8. HP: 41/41 MP: 12/15
  5121 | D:5      | Reached skill level 5 in Spellcasting
  5263 | D:5      | Reached skill level 8 in Stealth
  5788 | D:6      | Reached skill level 9 in Stealth
  6052 | D:6      | Reached skill level 10 in Stealth
  6682 | D:6      | Reached skill level 11 in Stealth
  7070 | D:6      | Gained mutation: Your muscles are strong. (Str +2) [potion
                  | of mutation]
  7070 | D:6      | Gained mutation: Your muscles are very strong. (Str +4)
                  | [potion of mutation]
  7155 | D:6      | Found a staircase to the Ecumenical Temple.
  7161 | Temple   | Entered the Ecumenical Temple
  7317 | Temple   | Became a worshipper of Dithmenos the Shadowed
  7535 | D:7      | Noticed Joseph
  7544 | D:7      | Killed Joseph
  7545 | D:7      | Reached skill level 12 in Stealth
  7545 | D:7      | Reached XP level 9. HP: 38/45 MP: 12/18
  7604 | D:7      | Noticed Duvessa
  7933 | D:7      | Killed Duvessa
  7934 | D:7      | Reached skill level 1 in Conjurations
  7944 | D:7      | Noticed Dowan
  7951 | D:7      | Killed Dowan
  8164 | D:7      | Noticed Harold
  8187 | D:7      | Killed Harold
  8484 | D:7      | Found a transporter.
  8485 | D:7      | Noticed a thrashing horror
  8517 | D:7      | Found a transporter.
  8532 | D:7      | Found a one-way gate to the infinite horrors of the Abyss.
  8532 | D:7      | Noticed PeterMcNeter's ghost (novice GnFi)
  8569 | D:7      | Noticed Prince Ribbit
  8576 | D:7      | Killed Prince Ribbit
  9097 | D:8      | Found a staircase to the Lair.
  9521 | D:8      | Noticed Maggie
  9529 | D:8      | Killed Maggie
  9530 | D:8      | Reached XP level 10. HP: 50/50 MP: 18/23
 10985 | D:8      | Reached skill level 1 in Fighting
 12052 | D:9      | Found Fouryus's Jewellery Shoppe.
 12058 | D:9      | Reached * piety under Dithmenos
 12720 | D:9      | Reached skill level 5 in Short Blades
 13477 | D:10     | Entered Level 10 of the Dungeon
 13672 | D:10     | Noticed a two-headed ogre
 13988 | D:10     | Noticed a tengu warrior
 13994 | D:10     | Killed a tengu warrior
 13995 | D:10     | Reached skill level 5 in Fighting
 13995 | D:10     | Reached skill level 1 in Axes
 13995 | D:10     | Reached skill level 1 in Bows
 13995 | D:10     | Reached skill level 1 in Crossbows
 14061 | D:10     | Killed a two-headed ogre
 14195 | D:10     | Reached XP level 11. HP: 59/64 MP: 17/24
 14459 | D:10     | Reached ** piety under Dithmenos
 14793 | D:11     | Reached skill level 13 in Stealth
 14959 | D:11     | Found Jatips's Armour Emporium.
 14961 | D:11     | Found a staircase to the Orcish Mines.
 15113 | D:11     | Noticed a two-headed ogre
 15120 | D:11     | Killed a two-headed ogre
 15153 | D:11     | Noticed a deep elf pyromancer
 15156 | D:11     | Killed a deep elf pyromancer
 15435 | D:11     | Reached skill level 10 in Spellcasting
 15529 | D:11     | Reached skill level 14 in Stealth
 15840 | D:12     | Found a gate leading to a gauntlet.
 15852 | Gauntlet | Entered a Gauntlet
 15852 | Gauntlet | Found a transporter.
 15852 | Gauntlet | Found a transporter.
 15852 | Gauntlet | Found a transporter.
 15852 | Gauntlet | Noticed a wizard
 15852 | Gauntlet | Noticed a catoblepas
 15869 | Gauntlet | Found a transporter.
 15873 | Gauntlet | Found a transporter.
 15876 | Gauntlet | Noticed a death scarab
 15880 | Gauntlet | Noticed a death scarab
 15883 | Gauntlet | Found a transporter.
 15904 | Gauntlet | Found a transporter.
 15904 | Gauntlet | Noticed an oklob plant
 15923 | Gauntlet | Found a transporter.
 15925 | Gauntlet | Found a large runed translucent door.
 15926 | Gauntlet | Found a large runed translucent door.
 15927 | Gauntlet | Found a large runed translucent door.
 15927 | Gauntlet | Found a large runed translucent door.
 15927 | Gauntlet | Found a large runed translucent door.
 15928 | Gauntlet | Found a runed translucent door.
 15969 | Gauntlet | Found a transporter.
 15983 | Gauntlet | Found a transporter.
 15985 | Gauntlet | Found a large runed translucent door.
 15986 | Gauntlet | Found a large runed translucent door.
 15987 | Gauntlet | Found a large runed translucent door.
 15987 | Gauntlet | Found a large runed translucent door.
 15987 | Gauntlet | Found a runed translucent door.
 15988 | Gauntlet | Found a large runed translucent door.
 15989 | Gauntlet | Found a large runed translucent door.
 15990 | Gauntlet | Found a large runed translucent door.
 15990 | Gauntlet | Found a large runed translucent door.
 15991 | Gauntlet | Found a runed translucent gate.
 15991 | Gauntlet | Found a runed translucent gate.
 15991 | Gauntlet | Found a runed translucent gate.
 15993 | Gauntlet | Found a transporter.
 16002 | Gauntlet | Found a large runed translucent door.
 16003 | Gauntlet | Found a large runed translucent door.
 16004 | Gauntlet | Found a large runed translucent door.
 16008 | Gauntlet | Found a transporter.
 16347 | D:12     | Reached *** piety under Dithmenos
 16539 | D:12     | Noticed a centaur warrior
 16547 | D:12     | Killed a centaur warrior
 16548 | D:12     | Reached skill level 15 in Stealth
 16628 | D:12     | Noticed Kirke
 16687 | D:12     | Slain by a hog

Illustrated notes

Levels and vault maps discovered:
D:1:      erik_arrival_cave_to_civilisation [erik_arrival_cave_to_hall],
          layout_basic
D:2:      layout_rooms, basic_ecumenical_altar, uniq_terence
D:3:      layout_loops_cross, makhleb_altar_promises_db, serial_shops, shop
D:4:      layout_rooms
D:5:      layout_layer_cave, enter_ossuary_5
D:6:      layout_basic, minmay_temple_entry_fiery, dk_noncrumbling_3
D:7:      layout_rooms, gammafunk_ghost_abyssal_escape, lemuel_flamethrower_1,
          uniq_joseph, uniq_harold, uniq_prince_ribbit1, uniq_duvessa
D:8:      layout_layer_cave, dpeg_oklobed_lair, uniq_maggie
D:9:      layout_layer_cave, serial_shops, nicolae_stop_n_shop_1
D:10:     layout_roguey, serial_rivers, chequers_serial_rivers_small_a,
          chequers_serial_rivers_marsh, chequers_serial_rivers_micro_e,
          chequers_serial_rivers_large_b, chequers_serial_rivers_small_3,
          st_stairs_11
D:11:     layout_rooms, orc_david_3, dilly_guarded_unrand_elemental_staff
D:12:     layout_basic, gauntlet_entry_generic, uniq_erolcha, uniq_kirke
Temple:   kilobyte_greek_temple

Skill      XL: |  1  2  3  4  5  6  7  8  9 10 11 |
---------------+----------------------------------+-----
Short Blades   | 2 5 6 |  6.7
Stealth        | 5 6 7 12 15 | 15.2
Hexes          | 5 6 7 9 |  9.3
Ice Magic      | 1 2 3 5 |  5.0
Spellcasting   | 3 4 6 9 10 | 10.0
Conjurations   | 3 |  3.0
Fighting       | 5 |  5.7
Axes           | 1 |  1.5
Bows           | 1 |  1.3
Crossbows      | 1 |  1.3
Dodging        | 3 |  3.2

Action                   |  1- 3 |  4- 6 |  7- 9 | 10-12 || total
-------------------------+-------+-------+-------+-------++-------
Melee: Dagger            |   107 |    93 |   163 |   301 ||   664
       Bite              |    12 |     4 |    17 |    24 ||    57
       Unarmed           |       |       |       |     1 ||     1
 Cast: Corona            |     2 |       |       |       ||     2
       Ensorcelled Hiber |    21 |    45 |    37 |    79 ||   182
       Confusing Touch   |     1 |     2 |    17 |    20 ||    40
       Dazzling Flash    |       |       |     1 |     6 ||     7
 Abil: Exsanguinate      |       |       |     1 |       ||     1
       Revivify          |       |       |       |     1 ||     1
  Use: Scroll            |       |     5 |     4 |       ||     9
       Potion            |       |     3 |     3 |     3 ||     9
 Stab: Sleeping          |    24 |    43 |    41 |    71 ||   179
       Confused          |       |     4 |    17 |    19 ||    40
       Distracted        |       |       |     2 |     1 ||     3
       Invisible         |       |       |     1 |     2 ||     3
Armor: Robe              |    23 |    27 |    25 |       ||    75
       Swamp dragon scal |       |       |       |    96 ||    96
Dodge: Dodged            |    77 |    62 |    61 |   213 ||   413

Table legend: (Time is in decaauts)
 A = Elapsed time spent in this place.
 B = Non-inter-level travel time spent in this place.
 C = Inter-level travel time spent in this place.
 D = Time resting spent in this place.
 E = Time spent auto-exploring this place.
 F = Levels seen in this place.
 G = Mean time per level.
                   A        B        C        D        E       F      G
               +--------+--------+--------+--------+--------+-----+--------+
         Total |  16645 |  16073 |    572 |   3055 |  10354 |  14 | 1188.9 |
       Dungeon |  16216 |  15696 |    520 |   3055 |  10004 |  12 | 1351.3 |
        Temple |    249 |    197 |     52 |      0 |    188 |   1 |  249.0 |
      Gauntlet |    178 |    178 |      0 |      0 |    162 |   1 |  178.0 |
               +--------+--------+--------+--------+--------+-----+--------+

Top non-repeatable levels by time:
     D:7: 2822 daAuts
     D:5: 1789 daAuts
     D:6: 1626 daAuts
     D:9: 1622 daAuts
     D:8: 1542 daAuts
     D:1: 1260 daAuts
     D:3: 1222 daAuts
    D:10: 1049 daAuts
    D:11: 1030 daAuts
     D:2: 896 daAuts
     D:4: 688 daAuts
    D:12: 666 daAuts
  Temple: 249 daAuts
Gauntlet: 178 daAuts
